 Dungeon Crawl Stone Soup version 0.28.0-43-g3370ac3207 (webtiles) character file.

Game seed: 8317610147808471202

19145 funkygono the Arsonist (level 12, 0/62 HPs)
             Began as a Gargoyle Fire Elementalist on Mar 4, 2022.
             Was a Believer of Vehumet.
             Slain by Erica
             ... wielding a +4 scimitar of flaming
              (1 damage)
             ... on level 10 of the Dungeon.
             The game lasted 00:39:56 (15964 turns).

funkygono the Arsonist (GrFE)                      Turns: 15964, Time: 00:39:57

Health: 0/62       AC: 21    Str: 13    XL:     12   Next: 65%
Magic:  19/37      EV: 12    Int: 20    God:    Vehumet [**....]
Gold:   537        SH:  0    Dex: 10    Spells: 23/35 levels left

rFire   . . .      SeeInvis .   L - +5 flail (holy)
rCold   . . .      Faith    .   (no shield)
rNeg    + . .      Spirit   .   B - +1 acid dragon scales
rPois   ∞          Reflect  .   c - +0 helmet
rElec   +          Harm     .   l - +0 cloak
rCorr   +          Rampage  .   b - +0 pair of gloves
Will    +....                   g - +0 pair of boots
Stlth   +.........              s - amulet of regeneration
HPRegen 1.00/turn               e - ring of magical power
MPRegen 0.25/turn               E - ring of willpower

@: no status effects
A: sickness immunity, AC +8, negative energy resistance 1, electricity
resistance, torment resistance 1, petrification resistance
a: Renounce Religion


You were on level 10 of the Dungeon.
You worshipped Vehumet.
Vehumet was pleased with you.
You visited 3 branches of the dungeon, and saw 12 of its levels.

You collected 582 gold pieces.
You spent 45 gold pieces at shops.

Inventory:

Hand Weapons
 h - a +2 whip of freezing
 C - a +3 flail
 L - a +5 flail of holy wrath (weapon)
Armour
 b - a +0 pair of gloves (worn)
 c - a +0 helmet (worn)
 g - a +0 pair of boots (worn)
 l - a +0 cloak (worn)
 v - a +2 robe of willpower
 B - +1 acid dragon scales (worn)
Jewellery
 e - a ring of magical power (left hand)
 m - a ring of flight
 s - an amulet of regeneration (around neck)
 D - a ring of positive energy
 E - a ring of willpower (right hand)
 N - a ring of resist corrosion
Wands
 t - a wand of paralysis (6)
 z - a wand of acid (9)
 F - a wand of mindburst (12)
 H - a wand of flame (15)
Scrolls
 n - 3 scrolls of teleportation
 G - a scroll of fog
 K - 3 scrolls of immolation
 P - a scroll of amnesia
Potions
 f - 4 potions of mutation
 j - 3 potions of brilliance
 o - 3 potions of heal wounds
 p - 3 potions of curing
 r - a potion of cancellation
 u - 2 potions of might
 I - a potion of attraction
 J - 2 potions of ambrosia {unknown}
 O - a potion of haste
 S - a potion of magic {unknown}


   Skills:
 + Level 1.9 Fighting
 + Level 1.7 Maces & Flails
 + Level 3.3 Armour
 + Level 3.3 Dodging
 - Level 2.1 Stealth
 * Level 12.3 Spellcasting
 * Level 9.3 Conjurations
 * Level 12.6 Fire Magic


You had 23 spell levels left.
You knew the following spells:

 Your Spells              Type           Power      Damage    Failure   Level
a - Foxfire               Conj/Fire      100%       2x1d9     1%          1
b - Scorch                Fire           100%       2d10      1%          2
c - Conjure Flame         Conj/Fire      54%        6-21      1%          3
d - Flame Wave            Conj/Fire      54%        2d11      1%          4
e - Shock                 Conj/Air       100%       1d9       1%          1
f - Magic Dart            Conj           100%       1d8       1%          1

Your spell library contained the following spells:

 Spells                   Type           Power      Damage    Failure   Level
 Inner Flame              Hex/Fire       37%        N/A       1%          3
 Slow                     Hex            48%        N/A       8%          1
 Confusing Touch          Hex            12%        N/A       24%         3
 Vampiric Draining        Necr           12%        2d6       24%         3
 Petrify                  Tmut/Erth      12%        N/A       61%         4
 Metabolic Englaciation   Hex/Ice        6%         N/A       91%         5
 Statue Form              Tmut/Erth      Unusable   N/A       N/A         6

Dungeon Overview and Level Annotations

Branches:
Dungeon (10/15)            Temple (1/1) D:7            Lair (1/6) D:10
    Orc: D:9-12

Altars:
Ashenzari
Cheibriados
Dithmenos
Elyvilon
Fedhas
Gozag
Hepliaklqana
Kikubaaqudgha
Makhleb
Nemelex Xobeh
Okawaru
Qazlal
Ru
Sif Muna
Trog
Uskayaw
Vehumet
Wu Jian
Xom
Yredelemnul
Zin
The Shining One

Shops:
D:1 =   D:5 **(**

Annotations:
Lair:1 Erica


Innate Abilities, Weirdness & Mutations

You are immune to sickness and miasma.
Your stone body is resilient. (AC +8)
You are immune to poison.
You resist negative energy. (rN+)
You are resistant to electric shocks. (rElec)
You are resistant to unholy torment.
You are immune to petrification.


Message History

Unknown command.
Casting: Foxfire (safe; 1% risk of failure)
Confirm with . or Enter, or press ? or * to list all spells.
You conjure some foxfire!
The foxfire hits something.
The foxfire hits something but does no damage. x2
Something hits you. Something burns you.
Unknown command.
Casting: Foxfire (safe; 1% risk of failure)
Confirm with . or Enter, or press ? or * to list all spells.
You conjure some foxfire!
The foxfire hits something. x2
You hear some strange, mumbled words.
A lance of force appears from out of thin air!
The lance of force hits you!!
* * * LOW HITPOINT WARNING * * *
You are knocked back by the lance of force.
You slam into the rock wall!
Your foxfire dissipates!
The foxfire hits something.
There is a staircase back to the Dungeon here.
Something hits you!
* * * LOW HITPOINT WARNING * * *
Something burns you.
* * * LOW HITPOINT WARNING * * *
You climb upwards.
Welcome back to the Dungeon!
Reactivating autopickup.
There is a staircase to the Lair here.
Casting: Foxfire (safe; 1% risk of failure)
Confirm with . or Enter, or press ? or * to list all spells.
Casting: Flame Wave (dangerous; 1% risk of failure)
Press: ? - help, Dir - look around, f - activate A wave of flame ripples out!
The flame wave engulfs something. (Press . to intensify the flame waves.)
Something hits you but does no damage.
Deactivating autopickup; reactivate with Ctrl-A.
Unknown command.
A wave of flame ripples out!
The flame wave engulfs something.
Something hits you!
* * * LOW HITPOINT WARNING * * *
Something burns you.
You die...

.####.#####.............#≈≈≈≈≈≈≈≈
.........##.............#....≈≈≈)
.................................
..........#)(=..........#).......
..........#)[/..........#....[...
...........)[...........#........
#....<...#..[...........##..)....
#...........[..####.....##).)....
#...........[..#@.#......(.......
#..............#..'.....)......>.
#......>.#.....####....)#'#'#.#+#
#........#....................#.#
#.#########...................'.#
#.# #.........P.P.......### #.#
##..................# #.#
###.........'###+### #.#
####....##.###.#


There were no monsters in sight!

Vanquished Creatures
  Fannar (D:10)
  2 hydras
  Harold (D:8)
  A centaur warrior (D:8)
  3 two-headed ogres
  Pikel (D:3)
  An orc knight (D:8)
  An ugly thing (D:8)
  A cyclops (D:10)
  Maggie (D:6)
  2 gargoyles
  A cane toad (Lair:1)
  Psyche (D:8)
  2 kobold demonologists (D:10)
  A freezing wraith (D:8)
  2 ice devils
  3 slime creatures (D:6)
  22 yaks
  A vampire (D:9)
  2 acid dragons
  4 water moccasins
  A hornet zombie (D:8)
  An ice beast (D:7)
  3 orc warriors
  A sky beast (D:8)
  3 black bears
  2 ogres
  2 centaurs (D:6)
  3 lemures
  A phantom (D:6)
  6 kobold brigands
  6 bullfrogs
  A gnoll sergeant (D:8)
  4 scorpions
  7 killer bees (D:8)
  18 wights
  2 electric eels (D:10)
  2 howler monkeys (D:8)
  3 bullfrog zombies
  A hound (D:6)
  4 centaur zombies
  6 jellies
  6 orc priests
  A centaur skeleton (D:7)
  2 iguanas
  19 orc wizards
  4 killer bee zombies
  3 gnolls (D:6)
  8 adders
  A howler monkey skeleton (D:6)
  3 white imps (D:8)
  An adder skeleton (D:4)
  4 worms
  3 dart slugs
  35 orcs
  12 ball pythons
  5 bats
  13 endoplasms
  9 giant cockroaches
  9 goblins
  6 hobgoblins
  10 jackals
  21 kobolds
  3 quokkas
  3 frilled lizards (D:3)
  8 rats
  A bush (Temple)
321 creatures vanquished.

Vanquished Creatures (collateral kills)
  4 foxfires (D:10)
4 creatures vanquished.

Vanquished Creatures (others)
  1404 foxfires
  39 fungi
  28 plants
  8 toadstools (D:6)
1479 creatures vanquished.

Grand Total: 1804 creatures vanquished

Notes
Turn   | Place    | Note
-------+----------+-------------------------------------------
     0 | D:1      | funkygono the Gargoyle Fire Elementalist began the quest
                  | for the Orb.
     0 | D:1      | Reached XP level 1. HP: 10/10 MP: 3/3
   144 | D:1      | Found a faded altar of an unknown god.
   267 | D:1      | Reached XP level 2. HP: 15/15 MP: 5/5
   279 | D:1      | Learned a level 2 spell: Scorch
   496 | D:1      | Found Cochiaru's Jewellery Boutique.
   614 | D:1      | Reached XP level 3. HP: 19/19 MP: 6/6
   618 | D:1      | Learned a level 3 spell: Conjure Flame
  1870 | D:3      | Reached XP level 4. HP: 24/24 MP: 8/8
  2306 | D:3      | Found a hide-covered altar of Uskayaw.
  2306 | D:3      | Found a basalt altar of Yredelemnul.
  2309 | D:3      | Found a glowing silver altar of Zin.
  2829 | D:3      | Found a shimmering altar of Xom.
  3182 | D:4      | Reached XP level 5. HP: 28/28 MP: 10/10
  3187 | D:4      | Learned a level 4 spell: Flame Wave
  3379 | D:4      | Noticed a lemure
  3379 | D:4      | Noticed a lemure
  3380 | D:4      | Noticed a lemure
  3380 | D:4      | Noticed Pikel
  3381 | D:4      | Noticed a lemure
  3441 | D:3      | Killed a lemure
  3659 | D:4      | Found a sparkling altar of Nemelex Xobeh.
  4132 | D:4      | Killed a lemure
  4139 | D:4      | Killed a lemure
  4413 | D:3      | Killed Pikel
  4414 | D:3      | Reached skill level 5 in Spellcasting
  4414 | D:3      | Reached skill level 5 in Fire Magic
  4414 | D:3      | Reached XP level 6. HP: 33/33 MP: 0/13
  4414 | D:3      | Reached XP level 7. HP: 37/37 MP: 0/14
  4601 | D:5      | Entered Level 5 of the Dungeon
  4888 | D:5      | Reached XP level 8. HP: 42/42 MP: 16/16
  4980 | D:5      | Found Wohasmos's Assorted Antiques.
  4986 | D:5      | Found Voaraofe's General Store.
  5009 | D:5      | Found a radiant altar of Vehumet.
  5010 | D:5      | Bought a +0 helmet for 45 gold pieces
  5044 | D:5      | Found Jecyjinupt's Antique Weapon Boutique.
  5177 | D:5      | Found Adwogoeg's General Store.
  5188 | D:5      | Found an ornate altar of the Wu Jian Council.
  5326 | D:5      | Found Suhiqeikko's Neck Hole.
  5873 | D:6      | Noticed a slime creature
  5887 | D:6      | Noticed a slime creature
  5902 | D:6      | Killed a slime creature
  5903 | D:6      | Reached XP level 9. HP: 30/46 MP: 16/19
  6022 | D:6      | Reached skill level 1 in Maces & Flails
  6148 | D:6      | Reached skill level 1 in Fighting
  6706 | D:6      | Reached skill level 5 in Conjurations
  6847 | D:6      | Identified the +1 ring mail of the Old and Reckless {rF-
                  | SInv Stlth+}
  6860 | D:6      | Found a bloodstained altar of Trog.
  7040 | D:6      | Noticed Maggie
  7052 | D:6      | Killed Maggie
  7268 | D:6      | Reached XP level 10. HP: 52/52 MP: 22/22
  7315 | D:6      | Found a shadowy altar of Dithmenos.
  8108 | D:7      | Found a staircase to the Ecumenical Temple.
  8117 | Temple   | Entered the Ecumenical Temple
 10715 | D:8      | Noticed Psyche
 10724 | D:8      | Killed Psyche
 10789 | D:8      | Noticed a centaur warrior
 10814 | D:8      | Reached skill level 1 in Armour
 10814 | D:8      | Killed a centaur warrior
 11079 | D:8      | Reached skill level 10 in Fire Magic
 11172 | D:8      | Noticed a white ugly thing
 11182 | D:8      | Killed a white ugly thing
 11397 | D:7      | Reached skill level 10 in Spellcasting
 11397 | D:7      | Reached XP level 11. HP: 24/56 MP: 24/25
 11475 | D:8      | Noticed a seven-headed hydra
 11488 | D:8      | Killed a seven-headed hydra
 11691 | D:8      | Noticed a two-headed ogre
 11707 | D:8      | Killed a two-headed ogre
 11983 | D:8      | Noticed an orc knight
 11998 | D:8      | Killed an orc knight
 12165 | D:8      | Noticed a two-headed ogre
 12174 | D:8      | Killed a two-headed ogre
 12625 | D:8      | Noticed Harold
 12638 | D:8      | Killed Harold
 12820 | D:8      | Found the +8 frozen axe "Frostbite" {freezing cloud, *Noise
                  | Fly rC+}
 13064 | D:5      | Became a worshipper of Vehumet
 13478 | D:9      | Found a flagged portal.
 13669 | D:9      | Reached * piety under Vehumet
 13669 | D:9      | Offered knowledge of Shock by Vehumet.
 13850 | D:9      | Found an iron altar of Okawaru.
 13881 | D:9      | Reached XP level 12. HP: 62/62 MP: 27/27
 14202 | D:9      | Noticed a two-headed ogre
 14207 | D:9      | Killed a two-headed ogre
 14251 | D:9      | Learned a level 1 spell: Shock
 14346 | D:10     | Entered Level 10 of the Dungeon
 14738 | D:10     | Found a staircase to the Lair.
 15006 | D:10     | Offered knowledge of Magic Dart by Vehumet.
 15009 | D:10     | Reached ** piety under Vehumet
 15128 | D:10     | Noticed Fannar
 15143 | D:10     | Killed Fannar
 15771 | D:10     | Learned a level 1 spell: Magic Dart
 15879 | Lair:1   | Entered Level 1 of the Lair of Beasts
 15879 | Lair:1   | Noticed a seven-headed hydra
 15889 | Lair:1   | Killed a seven-headed hydra
 15937 | Lair:1   | Noticed Erica
 15964 | D:10     | HP: 1/62 [something (7)]
 15964 | D:10     | Slain by Erica

Illustrated notes

Levels and vault maps discovered:
D:1:      lightli_arrival_maybe_door_vault, layout_rooms, serial_shops, shop,
          chequers_ecumenical_altar_simple_redux
D:2:      layout_basic
D:3:      layout_basic, minitemple, xom_confusion_cloud
D:4:      layout_rooms, kennysheep_little_box, cheibrodos_sewer_entry_bend,
          uniq_pikel
D:5:      layout_basic, kennysheep_mini, mainiacjoe_overflow_alcove_1,
          serial_shops, shop, shop_statue, shop_fountains, shop,
          nicolae_shop_sticking_my_neck_out
D:6:      cheibrodos_fertilizer, layout_basic, kennysheep_mini_moat,
          mainiacjoe_overflow_brackets, uniq_maggie
D:7:      layout_basic, lemuel_temple_firewalk_b, chequers_arboretum
D:8:      nzn_winding_woodlands_small [nzn_winding_woodlands_5x15_split_checker,
          nzn_winding_woodlands_center_pierced_h,
          nzn_winding_woodlands_5x15_pockets], layout_basic,
          hellmonk_guarded_unrand_frostbite, uniq_psyche, uniq_harold
D:9:      layout_basic, lemuel_crystal_altar, enter_bailey_2, nzn_life_drinkers
D:10:     layout_basic, grunt_lair_entry_orc_guard_hut, serial_corexii_hall,
          corexii_hall_statues_l, corexii_hall_statues_i,
          nicolae_elevator_lobby_asterisk, uniq_fannar
Temple:   minmay_temple_forest_path
Lair:1:   beast_lair_carwin_large_2, layout_cave_pods, serial_bayou_shore_b,
          uniq_erica, uniq_grum

Skill      XL: |  1  2  3  4  5  6  7  8  9 10 11 12 |
---------------+-------------------------------------+-----
Spellcasting   | 3 5 7 8 10 11 12 | 12.3
Fire Magic     | 4 5 6 7 8 10 11 12 | 12.6
Conjurations   | 2 3 4 5 6 8 9 |  9.3
Dodging        | 2 3 |  3.3
Maces & Flails | 1 |  1.7
Fighting       | 1 |  1.9
Armour         | 1 2 3 |  3.3
Stealth        | |  2.1

Action                   |  1- 3 |  4- 6 |  7- 9 | 10-12 || total
-------------------------+-------+-------+-------+-------++-------
Melee: Club              |    12 |       |       |       ||    12
       Whip              |     6 |    20 |    12 |    19 ||    57
       Punch             |       |       |       |     3 ||     3
       Flail             |       |       |       |    25 ||    25
 Cast: Foxfire           |    57 |   130 |   188 |   437 ||   812
       Scorch            |     5 |    22 |    50 |   108 ||   185
       Conjure Flame     |       |     3 |     1 |     1 ||     5
       Flame Wave        |       |       |       |    53 ||    53
  Use: Scroll            |     4 |     1 |     6 |    14 ||    25
       Potion            |       |     1 |       |       ||     1
Armor: Robe              |    10 |    22 |    39 |       ||    71
       Steam dragon scal |       |       |     2 |       ||     2
       Acid dragon scale |       |       |       |   186 ||   186
Dodge: Dodged            |    18 |    40 |    33 |   115 ||   206
